 Dungeon Crawl Stone Soup version 0.21-a0-509-gecc5317 (webtiles) character file.

185 slep the Shield-Bearer (level 5, -6/43 HPs)
             Began as a Barachi Fighter on Nov 30, 2017.
             Mangled by a gnoll
             ... wielding a +0 flail
              (9 damage)
             ... on level 3 of the Dungeon.
             The game lasted 00:08:41 (2243 turns).

slep the Shield-Bearer (Barachi Fighter)            Turns: 2243, Time: 00:08:41

Health: -6/43      AC: 10    Str: 18    XL:     5   Next: 64%
Magic:  5/5        EV:  5    Int:  9    God:
Gold:   154        SH:  9    Dex: 11    Spells: 4/4 levels left

rFire    . . .     SeeInvis .   a - +0 war axe
rCold    . . .     Gourm    .   c - +0 shield
rNeg     . . .     Faith    .   g - +1 chain mail {MR+}
rPois    .         Spirit   .   (no helmet)
rElec    .         Reflect  .   (no cloak)
rCorr    .         Harm     .   (no gloves)
MR       +....     Rnd*Tele +   (no boots)
Stlth    ..........             (no amulet)
HPRegen  0.14/turn              x - ring of teleportation (curse)
MPRegen  0.09/turn              (no ring)

@: slow
A: +LOS, swims, slowness 1, strong legs 1
a: Hop


You were on level 3 of the Dungeon.
You were not hungry.

You visited 1 branch of the dungeon, and saw 3 of its levels.

You collected 154 gold pieces.

Inventory:

Hand Weapons
 a - a +0 war axe (weapon)
 w - a +0 dagger of venom
Missiles
 r - 8 poisoned needles
Armour
 b - a +0 scale mail
 c - a +0 shield (worn)
 g - a +1 chain mail of magic resistance (worn)
Jewellery
 x - a cursed ring of teleportation (left hand)
Wands
 v - a wand of scattershot (5)
Scrolls
 i - 2 scrolls of teleportation {unknown}
 l - a scroll of magic mapping {unknown}
 n - 3 scrolls of identify {unknown}
 o - 4 scrolls of enchant armour {unknown}
 q - a scroll of amnesia {unknown}
 u - a scroll of enchant weapon {unknown}
Potions
 d - a potion of might
 e - a potion of berserk rage {unknown}
 h - a potion of degeneration {unknown}
 k - a potion of mutation {unknown}
 m - a potion of ambrosia {unknown}
 p - a potion of haste {unknown}
 s - 2 potions of lignification
 t - a potion of curing {unknown}
Comestibles
 f - 2 bread rations
 j - a fruit
 z - a royal jelly
 A - 3 chunks of flesh


   Skills:
 + Level 4.4 Fighting
 + Level 4.3 Axes
 + Level 4.2 Armour
 + Level 0.6 Dodging
 + Level 4.4 Shields


You had 4 spell levels left.
You didn't know any spells.

Dungeon Overview and Level Annotations

Branches:
Dungeon (3/15)

Altars:
Makhleb
Yredelemnul
Zin
The Shining One


Innate Abilities, Weirdness & Mutations

Shadows flee at your approach. (+LOS)
You can swim through water.
You cover ground slowly.
You can hop short distances.


Message History

The gnoll is lightly wounded.
You block the gnoll's attack.
Your chain mail prevents you from hitting the gnoll.
The gnoll is lightly wounded.
You block the gnoll's attack. The gnoll hits you with a flail.
* * * LOW HITPOINT WARNING * * *
You closely miss the gnoll.
The gnoll is lightly wounded.
You block the gnoll's attack.
You hit the gnoll.
The gnoll is heavily wounded.
The gnoll hits you with a flail.
* * * LOW HITPOINT WARNING * * *
You closely miss the gnoll.
The gnoll is heavily wounded.
The gnoll hits you but does no damage.
You hit the gnoll but do no damage.
The gnoll is heavily wounded.
The gnoll hits you with a flail!
You die...

#.........##### #.# #.#
########..#.††# #.# #.#
#....#÷## #.# #..
##.###††## #.# #.#
#.#.....# #.# #.#
#.#.....#####.## #.#
#.#....###.....# #.#
#.##...######.## #..
#.#####@g%# ### ###.#
#<# ##).### #...#
#.######.##.### #.###
#.##...###....# #...#
#.##........#.# ##..#
#.##.......##.# #####...
#.##..........###......#
#.##.......#.<##......#.
#.................#####.


You could see a gnoll.

Vanquished Creatures
  Jessica (D:3)
  An orc wizard (D:3)
  3 gnolls (D:3)
  An ooze (D:1)
  4 worms (D:2)
  A dart slug (D:2)
  A leopard gecko (D:3)
  4 orcs (D:3)
  2 ball pythons
  4 giant cockroaches
  8 goblins
  11 hobgoblins
  4 jackals (D:2)
  5 kobolds
  A quokka (D:3)
  9 bats
  4 frilled lizards
  22 rats
86 creatures vanquished.

Notes
Turn   | Place    | Note
-------+----------+-------------------------------------------
     0 | D:1      | slep the Barachi Fighter began the quest for the Orb.
     0 | D:1      | Reached XP level 1. HP: 18/18 MP: 1/1
   250 | D:1      | Reached XP level 2. HP: 23/25 MP: 2/2
   864 | D:1      | Reached XP level 3. HP: 30/30 MP: 3/3
  1014 | D:2      | Found a basalt altar of Yredelemnul.
  1015 | D:2      | Noticed a profane servitor
  1035 | D:2      | Found a glowing golden altar of the Shining One.
  1036 | D:2      | Noticed an angel
  1167 | D:2      | Found a burning altar of Makhleb.
  1169 | D:2      | Found a glowing silver altar of Zin.
  1169 | D:2      | Noticed an angel
  1169 | D:2      | Noticed an Executioner
  1319 | D:2      | Reached XP level 4. HP: 30/37 MP: 4/4
  1618 | D:3      | Noticed Jessica
  1635 | D:3      | Killed Jessica
  1745 | D:3      | HP: 2/55 [leopard gecko (2)]
  1753 | D:3      | Reached XP level 5. HP: 5/42 MP: 5/5
  2243 | D:3      | Mangled by a gnoll

Vault maps used:
D:1:      nagdon_arrival_zigzag_paths, minmay_misc_feat_encased,
          grunt_decor_resistance
D:2:      grunt_temple_overflow_order_and_chaos_2,
          grunt_temple_overflow_holy_war
D:3:      minmay_rat_hole, uniq_jessica

Skill      XL: |  1  2  3  4 |
---------------+-------------+-----
Fighting       | 4 |  4.4
Armour         | 4 |  4.2
Axes           | 3 4 |  4.3
Shields        | 4 |  4.4
Dodging        | |  0.6

Action                   |  1- 3 |  4- 6 || total
-------------------------+-------+-------++-------
Melee: War axe           |   106 |   166 ||   272
  Use: Potion            |       |     1 ||     1
  Eat: Chunk             |     2 |     4 ||     6
Armor: Scale mail        |     8 |       ||     8
       Chain mail        |    61 |   121 ||   182
       Skin              |       |    18 ||    18
Dodge: Dodged            |    23 |    28 ||    51
Block: Shield            |    73 |    99 ||   172

Table legend:
 A = Spawn XP
 B = Non-spawn XP
 C = Spawn XP percentage of total XP
 D = Spawn monster count
 E = Non-spawn monster count
 F = Spawn count percentage of total count
 G = Total turns spent on level
                    A         B        C        D         E        F      G
               +---------+---------+-------+---------+---------+-------+---------
         Total |       0 |     265 |   0.0 |       0 |      86 |   0.0 |  2243
               +---------+---------+-------+---------+---------+-------+---------
           D:1 |       0 |      34 |   0.0 |       0 |      20 |   0.0 |   948
           D:2 |       0 |      55 |   0.0 |       0 |      21 |   0.0 |   492
           D:3 |       0 |     176 |   0.0 |       0 |      45 |   0.0 |   803
               +---------+---------+-------+---------+---------+-------+---------
